 Dungeon Crawl Stone Soup version 0.30-a0-782-ge64f9170bb (webtiles) character file.

Game seed: 518426426255467684

233 Dirian the Chopper (level 5, -3/47 HPs)
             Began as a Minotaur Fighter on Mar 6, 2023.
             Was an Initiate of Okawaru.
             Slain by Sigmund
             ... wielding a +0 scythe
              (6 damage)
             ... on level 4 of the Dungeon.
             The game lasted 00:04:04 (3070 turns).

Dirian the Chopper (Minotaur Fighter)               Turns: 3070, Time: 00:04:04

Health: -3/47      AC:  7    Str: 23    XL:     5   Next: 75%
Magic:  0/4        EV:  9    Int:  5    God:    Okawaru [......]
Gold:   224        SH:  0    Dex:  9    Spells: 4/4 levels left

rFire   . . .      SeeInvis .    a - +0 war axe
rCold   . . .      Faith    .    c - +0 buckler
rNeg    . . .      Spirit   +    b - +0 scale mail
rPois   .          Reflect  .    (helmet restricted)
rElec   .          Harm     .    (no cloak)
rCorr   .          Rampage  .    (no gloves)
Will    .....                    (no boots) Stlth
                                 q - amulet of guardian spirit
HPRegen 0.27/turn                (no ring)
MPRegen 0.09/turn                (no ring)

@: confused
A: horns 2, retaliatory headbutt
a: Renounce Religion


You were on level 4 of the Dungeon.
You worshipped Okawaru.
Okawaru was noncommittal.
You visited 2 branches of the dungeon, and saw 5 of its levels.

You collected 224 gold pieces.

Inventory:

Hand Weapons
 a - a +0 war axe (weapon)
 j - a +0 war axe
Armour
 b - a +0 scale mail (worn)
 c - a +0 buckler (worn)
Jewellery
 q - an amulet of guardian spirit (around neck)
Wands
 v - a wand of digging (5)
Scrolls
 e - a scroll of teleportation {unknown}
 f - 2 scrolls of identify {unknown}
 h - 2 scrolls of amnesia {unknown}
 i - a scroll of brand weapon {unknown}
 l - a scroll of summoning {unknown}
 m - a scroll of silence {unknown}
 n - a scroll of fog {unknown}
 t - 2 scrolls of magic mapping {unknown}
 u - a scroll of noise {unknown}
Potions
 d - a potion of might
 g - a potion of haste {unknown}
 k - 2 potions of attraction {unknown}
 o - a potion of magic {unknown}
 p - a potion of cancellation {unknown}
 r - 2 potions of mutation {unknown}
 s - a potion of curing {unknown}
 w - a potion of brilliance


   Skills:
 + Level 4.7 Fighting
 + Level 5.1 Axes
 + Level 4.8 Armour
 + Level 0.4 Dodging
 + Level 4.4 Shields


You had 4 spell levels left.
You didn't know any spells.
Your spell library contained the following spells:

 Spells                   Type           Power      Damage    Failure   Level
 Ensorcelled Hibernation  Hex/Ice        0%         N/A       94%         2
 Passwall                 Tmut/Erth      0%         N/A       94%         2
 Frozen Ramparts          Ice            0%         1d1       99%         3
 Ignite Poison            Fire/Tmut/Pois 0%         N/A       99%         3
 Kindle Blastsparks       Fire/Tloc/Air  0%         2d10      99%         3
 Swiftness                Air            0%         N/A       99%         3
 Ice Form                 Ice/Tmut       0%         N/A       100%        4
 Freezing Cloud           Conj/Ice/Air   0%         6-21      100%        5
 Summon Ice Beast         Ice/Summ       Unusable   N/A       N/A         4

Dungeon Overview and Level Annotations

Branches:
Dungeon (4/15) Zot: 21088  Temple (1/1) D:4 Zot: 5783

Altars:
Ashenzari
Cheibriados
Elyvilon
Fedhas
Gozag
Kikubaaqudgha
Makhleb
Nemelex Xobeh
Okawaru
Sif Muna
Vehumet
Wu Jian
Yredelemnul
The Shining One

Annotations:
D:3 3 runed translucent doors, RatherSlowDeath's ghost, weakling OgDe
D:4 Sigmund


Innate Abilities, Weirdness & Mutations

You have a pair of horns on your head.
You reflexively headbutt those who attack you in melee.


Message History

The magic dart hits you.
You miss something.
You hear some strange, mumbled words.
A magic dart appears from out of thin air!
The magic dart hits you.
You hit something but do no damage. Your headbutt misses something.
Something hits you.
You barely miss something. Your headbutt misses something. Something hits you.
You barely miss something. Something hits you but does no damage.
You barely miss something. You block something's attack.
You miss something. Your headbutt misses something. You closely miss something.
Something hits you but does no damage.
You closely miss something. Your headbutt misses something. Something hits you.
You hit something. Something hits you but does no damage.
You barely miss something. Your headbutt misses something. Something hits you!
You barely miss something.
You hear some strange, mumbled words.
A magic dart appears from out of thin air!
The magic dart hits you.
* * * LOW HITPOINT WARNING * * *
You miss something.
You hear some strange, mumbled words.
You are confused.
You closely miss something. Your headbutt misses something.
You hear some strange, mumbled words.
You are more confused.
You bump into the rock wall.
You hear a zap.
A puff of flame appears from out of thin air!
The puff of flame hits you!
* * * LOW HITPOINT WARNING * * *
You miss something. Something hits you.
* * * LOW HITPOINT WARNING * * *
You completely miss something.
You hear a zap.
A puff of flame appears from out of thin air!
The puff of flame hits you.
* * * LOW HITPOINT WARNING * * *
You bump into the rock wall.
Something hits you.
You die...

### . ...###.# ###
#######......
.....####....?.#
...
#....{@...†..###.#
#.#.#####.###.#.#
#.# ##..## #.#
#(†.## #.#
#....###.# #.#
#........# #.#
##..♣♣♣♣.# ...
##.♣ #.♣


There were no monsters in sight!

Vanquished Creatures
  An iguana (D:4)
  4 gnolls (D:4)
  10 adders
  A worm (D:2)
  2 dart slugs
  7 ball pythons
  5 bats
  2 endoplasms
  3 giant cockroaches
  12 goblins
  8 hobgoblins
  A jackal (D:3)
  6 kobolds
  2 quokkas
  7 frilled lizards
  4 rats
75 creatures vanquished.

Vanquished Creatures (others)
  3 plants (D:3)
3 creatures vanquished.

Grand Total: 78 creatures vanquished

Notes
Turn   | Place    | Note
-------+----------+-------------------------------------------
     0 | D:1      | Dirian the Minotaur Fighter began the quest for the Orb.
     0 | D:1      | Reached XP level 1. HP: 19/19 MP: 0/0
   170 | D:1      | Reached XP level 2. HP: 27/27 MP: 1/1
  1055 | D:2      | Found a white marble altar of Elyvilon.
  1066 | D:2      | Reached XP level 3. HP: 33/33 MP: 2/2
  1169 | D:2      | Reached skill level 3 in Axes
  1275 | D:2      | Reached XP level 4. HP: 41/41 MP: 3/3
  1580 | D:3      | Reached skill level 4 in Axes
  1896 | D:3      | Found a runed translucent gate.
  1896 | D:3      | Found a runed translucent gate.
  1896 | D:3      | Found an opulent altar of Gozag.
  1896 | D:3      | Noticed an orc warrior
  1897 | D:3      | Found a runed translucent gate.
  1897 | D:3      | Noticed RatherSlowDeath's ghost (weakling OgDe)
  2402 | D:4      | Found a staircase to the Ecumenical Temple.
  2407 | D:4      | Reached XP level 5. HP: 43/47 MP: 4/4
  2410 | Temple   | Entered the Ecumenical Temple
  2601 | Temple   | Became a worshipper of Warmaster Okawaru
  2814 | D:4      | Reached skill level 5 in Axes
  2995 | D:4      | Found a burning altar of Makhleb.
  3045 | D:4      | Noticed Sigmund
  3069 | D:4      | HP: 2/47 [something/puff of flame (2)]
  3070 | D:4      | Slain by Sigmund

Illustrated notes

Levels and vault maps discovered:
D:1:      dpeg_arrival_round_a, layout_loops_ring
D:2:      layout_loops_ring, basic_altar
D:3:      minmay_spotlight, layout_basic, serial_forest,
          infiniplex_forest_lined_2, infiniplex_forest_clump_small,
          infiniplex_forest_clump_long, infiniplex_forest_diagonal,
          infiniplex_forest_corner_1, ebering_ghost_gozag
D:4:      layout_loops_ring, mainiacjoe_overflow_alcove_1,
          lemuel_coloured_pillars_altar, bloody_makhleb,
          minmay_temple_entry_hall, uniq_sigmund
Temple:   bh_familiar_temple

Skill      XL: |  1  2  3  4  5 |
---------------+----------------+-----
Shields        | 4 |  4.4
Armour         | 4 |  4.8
Fighting       | 4 |  4.7
Axes           | 3 4 5 |  5.1
Dodging        | |  0.4

Action                     |  1- 3 |  4- 6 || total
---------------------------+-------+-------++-------
  Melee: War axe           |    69 |    98 ||   167
         Headbutt          |     8 |    17 ||    25
 Armour: Scale mail        |    31 |    42 ||    73
  Dodge: Dodged            |    44 |    35 ||    79
  Block: Buckler           |    17 |    15 ||    32

Table legend: (Time is in decaauts)
 A = Elapsed time spent in this place.
 B = Non-inter-level travel time spent in this place.
 C = Inter-level travel time spent in this place.
 D = Time resting spent in this place.
 E = Time spent auto-exploring this place.
 F = Levels seen in this place.
 G = Mean time per level.
                   A        B        C        D        E       F      G
               +--------+--------+--------+--------+--------+-----+--------+
         Total |   3127 |   2970 |    157 |      0 |   2451 |   5 |  625.4 |
       Dungeon |   2910 |   2799 |    111 |      0 |   2291 |   4 |  727.5 |
        Temple |    216 |    170 |     46 |      0 |    160 |   1 |  216.0 |
               +--------+--------+--------+--------+--------+-----+--------+

Top non-repeatable levels by time:
     D:1: 909 daAuts
     D:3: 867 daAuts
     D:2: 655 daAuts
     D:4: 476 daAuts
  Temple: 216 daAuts
